 Dungeon Crawl Stone Soup version 0.31-a0-164-g2312942fda (webtiles) character file.

Game seed: 11264062409297945537

47 Moral the Chiller (level 3, 0/42 HPs)
             Began as a Naga Ice Elementalist on June 14, 2023.
             Slain by a gnoll
             ... wielding a +0 halberd
              (7 damage)
             ... on level 4 of the Dungeon.
             The game lasted 00:04:41 (1323 turns).

Moral the Chiller (Naga Ice Elementalist)           Turns: 1323, Time: 00:04:42

Health: 0/42       AC: 21    Str: 10    XL:     3   Next: 70%
Magic:  1/6        EV:  1    Int: 17    God:
Gold:   27         SH:  0    Dex: 11    Spells: 6/7 levels left

rFire   . . .        (no weapon)
rCold   . . .        (no shield)
rNeg    . . .        a - melded +0 robe
rPois   +            (helmet currently unavailable)
rElec   .            (cloak currently unavailable)
rCorr   .            (gloves currently unavailable)
SInv    +            (no barding)
Will    .....        (no amulet)
Stlth   ++           (no ring)
HPRegen 0.27/turn    (no ring)
MPRegen 0.10/turn

%: no passive effects
@: short of breath, tree-form
A: stationary, stasis, torment immunity, boosted hp, AC +1, large, see
invisible, (deformed body), (poison resistance), (slowness 2), spit poison 1,
(naga tail 1)
a: Spit Poison


You were on level 4 of the Dungeon.
You were a tree.
You visited 1 branch of the dungeon, and saw 3 of its levels.

You collected 27 gold pieces.

Inventory:

Armour
 a - a +0 robe (melded)
Scrolls
 g - a scroll of silence
Potions
 b - a potion of magic
 c - 2 potions of lignification
 d - a potion of brilliance {unknown}
 e - a potion of ambrosia {unknown}


   Skills:
 + Level 1.9 Dodging
 + Level 3.6 Stealth
 * Level 2.6 Spellcasting
 * Level 4.4 Ice Magic


You had 6 spell levels left.
You knew the following spells:

 Your Spells              Type           Power      Damage    Failure   Level
a - Freeze                Ice            68%        1d8       3%          1

Your spell library contained the following spells:

 Spells                   Type           Power      Damage    Failure   Level
 Frozen Ramparts          Ice            34%        1d6       9%          3
 Ozocubu's Armour         Ice            17%        N/A       9%          3
 Summon Small Mammal      Summ           8%         N/A       19%         1
 Call Canine Familiar     Summ           2%         N/A       50%         3
 Summon Guardian Golem    Hex/Summ       2%         N/A       50%         3
 Summon Ice Beast         Ice/Summ       9%         N/A       58%         4


Dungeon Overview and Level Annotations

Branches:
Dungeon (2/15)

Altars:


Innate Abilities, Weirdness & Mutations

You are a tree.
Your roots penetrate the ground, keeping you stationary.
You cannot be teleported.
You are immune to unholy pain and torment.
Your maximum health is greatly increased.
Your equipment is partially melded.
((Your serpentine skin is tough. (AC +1)))
You have supernaturally acute eyesight. (SInv)
((Armour fits poorly on your strangely shaped body.))
((Your system is resistant to poisons. (rPois)))
((You cover ground very slowly.))
You can spit poison.
((You have a snake-like lower body.))


Message History

Aim: a gnoll, wielding a +1 flail of protection (heavily wounded, 65% to hit)
The splash of poison hits the gnoll but does no damage.
The gnoll is poisoned.
The gnoll is heavily wounded.
The gnoll hits you from afar with a +0 spear.
The gnoll hits you with a +1 flail of protection.
The gnoll hits you but does no damage.
Okay, then.
Casting: Freeze (safe; 3% risk of failure)
Confirm with . or Enter, or press ? or * to list all spells.
Okay, then.
You hit the gnoll.
The gnoll is severely wounded.
The gnoll hits you but does no damage.
The gnoll hits you from afar with a +0 halberd.
The gnoll hits you with a +1 flail of protection!
You barely miss the gnoll.
The gnoll is severely wounded.
The gnoll hits you but does no damage. x3
You hit the gnoll but do no damage.
The gnoll is severely wounded.
The gnoll hits you but does no damage.
The gnoll hits you with a +1 flail of protection.
* * * LOW HITPOINT WARNING * * *
The gnoll hits you but does no damage.
You completely miss the gnoll.
The gnoll is almost dead.
You kill the gnoll!
The gnoll hits you from afar with a +0 spear.
* * * LOW HITPOINT WARNING * * *
The gnoll hits you but does no damage.
Your magical contamination has completely faded away.
You have got your breath back.
The gnoll hits you but does no damage. x2
Aiming: Spit Poison (2% risk of failure)
Press: ? - help, Shift-Dir - straight line, f - gnoll
Aim: a gnoll, wielding a +0 halberd (65% to hit)
The splash of poison misses the gnoll.
The gnoll hits you but does no damage.
The gnoll hits you from afar with a +0 halberd!
You die...

#. ###.. #### ....
##...##
....###.....##
#..#.......##
#.g).......# #.
##g)♣......# #.
##..........# #.
#...........# #.##
##..........## ..#
##...........# #.#
#............#
#.######..........###
##................##
#..################


You could see 2 gnolls.

Vanquished Creatures
  2 gnolls (D:4)
  An adder (D:2)
  A dart slug (D:1)
  A ball python (D:1)
  A goblin (D:2)
  3 hobgoblins
  A quokka (D:1)
  A bat (D:1)
  2 frilled lizards
  2 kobolds
  5 rats
20 creatures vanquished.

Notes
Turn   | Place    | Note
-------+----------+-------------------------------------------
     0 | D:1      | Moral the Naga Ice Elementalist began the quest for the
                  | Orb.
     0 | D:1      | Reached XP level 1. HP: 15/15 MP: 3/3
   519 | D:1      | Reached XP level 2. HP: 18/22 MP: 0/5
  1172 | D:2      | Reached XP level 3. HP: 19/28 MP: 1/6
  1267 | D:2      | You fall into a shaft and drop 2 floors!
  1323 | D:4      | Slain by a gnoll

Illustrated notes

Levels and vault maps discovered:
D:1:      minmay_arrival_glassed_features, layout_basic
D:2:      layout_loops_cross, palyth_stone_intersect
D:4:      layout_cave_pods, mainiacjoe_overflow_small_starburst,
          nzn_hepliaklqana_mist_gate, kennysheep_another_room,
          kennysheep_cross_bottleneck, nicolae_letterblocks
          [nicolae_letter_subblock, nicolae_letter_subblock,
          nicolae_letter_subblock, nicolae_letter_subblock,
          nicolae_letter_subblock, nicolae_letter_subblock,
          nicolae_letter_subblock, nicolae_letter_subblock,
          nicolae_letter_subblock, nicolae_letter_subblock,
          nicolae_letter_subblock, nicolae_letter_subblock,
          nicolae_letter_subblock, nicolae_letter_subblock,
          nicolae_letter_subblock, nicolae_letter_subblock,
          nicolae_letter_subblock, nicolae_letter_subblock,
          nicolae_letter_subblock, nicolae_letter_subblock,
          nicolae_letter_subblock, nicolae_letter_subblock,
          nicolae_letter_subblock, nicolae_letter_subblock,
          nicolae_letter_subblock], uniq_grinder, uniq_duvessa

Action                     || total
---------------------------++-------
  Melee: Unarmed           ||    18
   Cast: Freeze            ||    30
Ability: Spit Poison       ||     5
    Use: Scroll            ||     2
         Potion            ||     1
 Armour: Robe              ||     3
         Skin              ||    19
  Dodge: Dodged            ||    14

Table legend: (Time is in decaauts)
 A = Elapsed time spent in this place.
 B = Non-inter-level travel time spent in this place.
 C = Inter-level travel time spent in this place.
 D = Time resting spent in this place.
 E = Time spent auto-exploring this place.
 F = Levels seen in this place.
 G = Mean time per level.
                   A        B        C        D        E       F      G
               +--------+--------+--------+--------+--------+-----+--------+
         Total |   1611 |   1551 |     60 |    301 |   1003 |   3 |  537.0 |
       Dungeon |   1611 |   1551 |     60 |    301 |   1003 |   3 |  537.0 |
               +--------+--------+--------+--------+--------+-----+--------+

Top non-repeatable levels by time:
     D:1: 1288 daAuts
     D:2: 251 daAuts
     D:4: 71 daAuts
